 Dungeon Crawl Stone Soup version 0.20.1-1-g8b1a95d (webtiles) character file.

222 tailblues the Scratcher (level 5, -4/22 HPs)
             Began as a Felid Transmuter on Oct 27, 2017.
             Slain by a howler monkey (6 damage)
             ... on level 4 of the Dungeon.
             The game lasted 00:17:24 (6066 turns).

tailblues the Scratcher (Felid Transmuter)          Turns: 6066, Time: 00:17:26

Health: -4/22      AC:  1    Str:  7    XL:     5   Next: 66%
Magic:  9/10       EV: 19    Int: 14    God:
Gold:   195        SH:  0    Dex: 17    Spells: 4/10 levels left
                                        Lives:  0   Deaths: 1

rFire    . . .     SeeInvis +     - Unarmed
rCold    . . .     Gourm    .   (shield unavailable)
rNeg     . . .     Faith    .   (armour unavailable)
rPois    .         Spirit   .   (helmet unavailable)
rElec    .         Reflect  .   (cloak unavailable)
rCorr    .         Harm     .   (gloves unavailable)
MR       .....                  (boots unavailable)
Stlth    +++.......             (no amulet)
Regen    0.1/turn               f - ring of flight
MPRegen  0.2/turn               (no ring)

@: appendage, quick
A: no armour, no weapons or thrown items, stealth, claws 1, fangs 3, horns 2,
see invisible, carnivore 3, speed 1, shaggy fur 1, slow metabolism 1, sharp paws
a: End Transformation, Evoke Flight


You were on level 4 of the Dungeon.
You were not hungry.
You had grown temporary horns.
You visited 1 branch of the dungeon, and saw 4 of its levels.

You collected 195 gold pieces.

Inventory:

Missiles
 a - 49 arrows
Jewellery
 f - a ring of flight (left paw)
Wands
 e - a wand of flame (21/48)
Scrolls
 d - a scroll of amnesia
 h - a scroll of enchant armour
 k - 2 scrolls of remove curse
Potions
 i - 2 potions of haste
Books
 b - a book of Changes

   Spells                             Type                      Level
   a - Beastly Appendage              Transmutation                1
   b - Sticks to Snakes               Transmutation                2
   c - Spider Form                    Transmutation/Poison         3
   d - Ice Form                       Ice/Transmutation            4
   e - Blade Hands                    Transmutation                5
Comestibles
 c - a meat ration
 g - 4 royal jellies


   Skills:
 * Level 2.2 Fighting
 * Level 4.0 Dodging
 * Level 2.0 Stealth
 + Level 4.5 Unarmed Combat
 + Level 3.2 Spellcasting
 + Level 3.6 Transmutations
 + Level 0.3 Poison Magic


You had 4 spell levels left.
You knew the following spells:

 Your Spells              Type           Power        Failure   Level  Hunger
a - Beastly Appendage     Tmut           ##....       4%          1    #......
b - Sticks to Snakes      Tmut           ##......     7%          2    ##.....
c - Spider Form           Tmut/Pois      #.........   28%         3    ###....


Dungeon Overview and Level Annotations

Branches:
Dungeon (4/15)
 Temple: D:4-7

Altars:
The Shining One

Annotations:
D:4 Sigmund


Innate Abilities, Weirdness & Mutations

You cannot wear armour.
You are incapable of wielding weapons or throwing items.
Your paws allow you to move quietly. (Stealth)
You have sharp claws.
You have razor-sharp teeth.
You have supernaturally acute eyesight. (SInv)
You are carnivorous and can eat meat at any time.
You cover ground quickly.
You are covered in fur. (AC +1)
You have a slow metabolism.
Your sharp claws are effective at attacking unaware monsters.
You have a pair of horns on your head.


Message History

You kill the quokka!
You sit before the altar of the Shining One.
Casting: Sticks to Snakes
Confirm with . or Enter, or press ? or * to list all spells.
You grow a pair of large bovine horns.
You barely miss the howler monkey. The howler monkey hits you.
You closely miss the howler monkey. Your bite misses the howler monkey.
The howler monkey completely misses you.
You barely miss the howler monkey. Your bite misses the howler monkey.
The howler monkey hits you.
You closely miss the howler monkey.
You bite the howler monkey, but do no damage.
The howler monkey barely misses you.
The ogre shouts!
You scratch the howler monkey. You bite the howler monkey.
The howler monkey is moderately wounded.
The howler monkey hits you.
* * * LOW HITPOINT WARNING * * *
The howler monkey hits you.
You die...

.# #.. ...#..##
..#<..## # ......# .#
#....### O##
###.....## ...
#@##..⌠..####.#
##h......##...##.#
#...P...#.<......
#....P≈≈PO.....###.#
........P...#.#####.#
#..........###.##.....
#...###........#..##.#
.... ............###.#
.## ##.##.##...s†....


You could see an ogre and a howler monkey.

Vanquished Creatures
  A scorpion (D:3)
  Crazy Yiuf (D:3)
  A bullfrog skeleton (D:4)
  6 adders
  An ooze (D:1)
  4 worms
  5 dart slugs
  A leopard gecko (D:1)
  6 orcs
  9 giant cockroaches
  6 goblins
  11 hobgoblins
  A jackal (D:3)
  2 kobolds
  2 quokkas
  A ball python (D:2)
  11 bats
  14 frilled lizards
  A jackal skeleton (D:4)
  7 rats
91 creatures vanquished.

Vanquished Creatures (collateral kills)
  A scorpion (D:4)
  Robin (D:2)
  2 adders
  An adder skeleton (D:4)
  2 giant cockroaches
  2 goblins (D:2)
  A bat (D:1)
  A frilled lizard (D:4)
  A kobold (D:2)
12 creatures vanquished.

Grand Total: 103 creatures vanquished

Notes
Turn   | Place    | Note
-------+----------+-------------------------------------------
     0 | D:1      | tailblues the Felid Transmuter began the quest for the Orb.
     0 | D:1      | Reached XP level 1. HP: 9/9 MP: 4/4
    55 | D:1      | Reached XP level 2. HP: 12/12 MP: 4/6
    61 | D:1      | Learned a level 2 spell: Sticks to Snakes
  1067 | D:1      | Reached XP level 3. HP: 13/15 MP: 5/7
  1098 | D:1      | Learned a level 3 spell: Spider Form
  1610 | D:2      | Noticed Robin
  1930 | D:2      | Reached XP level 4. HP: 12/19 MP: 6/8
  2200 | D:2      | Killed Robin
  3528 | D:3      | Reached XP level 5. HP: 13/22 MP: 2/10
  3531 | D:3      | Reached skill level 1 in Stealth
  4637 | D:3      | Found a runed door.
  4667 | D:3      | Noticed Crazy Yiuf
  4672 | D:3      | Killed Crazy Yiuf
  4976 | D:4      | HP: 1/22 [poisoned by a scorpion]
  4978 | D:4      | Noticed Sigmund
  4981 | D:4      | Succumbed to a scorpion's poison
  4982 | D:4      | Reached XP level 4. HP: 0/19 MP: 0/9
  5024 | D:4      | Reached XP level 5. HP: 14/22 MP: 4/10
  6046 | D:4      | Noticed an ogre
  6055 | D:4      | Found a glowing golden altar of the Shining One.
  6066 | D:4      | Slain by a howler monkey

Skill      XL: |  1  2  3  4  5 |
---------------+----------------+-----
Dodging        | 3 4 |  4.0
Unarmed Combat | 4 |  4.5
Fighting       | 2 |  2.2
Transmutations | 3 |  3.6
Stealth        | 2 |  2.0
Spellcasting   | 3 |  3.2
Poison Magic   | |  0.3

Action                   |  1- 3 |  4- 6 || total
-------------------------+-------+-------++-------
Melee: Unarmed           |    98 |   185 ||   283
       Headbutt          |    13 |    18 ||    31
       Bite              |    11 |    14 ||    25
       Punch             |       |     1 ||     1
 Cast: Beastly Appendage |    23 |    18 ||    41
       Sticks to Snakes  |     7 |    28 ||    35
       Spider Form       |     1 |     8 ||     9
 Abil: End Transformatio |     2 |     6 ||     8
  Use: Scroll            |     1 |     5 ||     6
       Potion            |       |     3 ||     3
 Stab: Sleeping          |     1 |       ||     1
       Distracted        |     1 |     2 ||     3
  Eat: Chunk             |    11 |    12 ||    23
Armor: Skin              |     7 |    11 ||    18
Dodge: Dodged            |    95 |   170 ||   265
